 Dungeon Crawl Stone Soup version 0.29-a0-653-gd47aff6735 (webtiles) character file.

Game seed: 14464598392627436006

16132 vineage the Fighter (level 12, 0/90 HPs)
             Began as a Gargoyle Fighter on June 21, 2022.
             Was a High Priest of Okawaru.
             Slain by Rupert
             ... wielding a +0 vorpal great mace
              (19 damage)
             ... on level 12 of the Dungeon.
             The game lasted 00:16:06 (11328 turns).

vineage the Fighter (Gargoyle Fighter)             Turns: 11328, Time: 00:16:06

Health: 0/90       AC: 25    Str: 23    XL:     12   Next: 34%
Magic:  13/15      EV: 13    Int: 16    God:    Okawaru [*****.]
Gold:   1729       SH: 12    Dex: 11    Spells: 11/11 levels left

rFire   . . .      SeeInvis .   j - +7 morningstar "Luleorr" {venom, rC+ Int+4}
rCold   + . .      Faith    .   c - +0 buckler
rNeg    + . .      Spirit   .   G - +0 troll leather armour
rPois   ∞          Reflect  +   H - +0 hat of Freedom {Int+5}
rElec   +          Harm     .   D - +0 cloak
rCorr   .          Rampage  .   l - +1 pair of gloves
Will    .....                   A - +2 pair of boots
Stlth   +++.......              C - amulet of reflection
HPRegen 1.05/turn               (no ring)
MPRegen 0.14/turn               (no ring)

@: about to teleport, heroic
A: sickness immunity, AC +8, negative energy resistance 1, electricity
resistance, torment resistance 1, petrification resistance, iridescent scales 1,
dopey 1, robust 1, sturdy frame 1
a: Renounce Religion, Heroism, Finesse, Duel


You were on level 12 of the Dungeon.
You worshipped Okawaru.
Okawaru was extremely pleased with you.
You visited 2 branches of the dungeon, and saw 13 of its levels.

You collected 1729 gold pieces.

Inventory:

Hand Weapons
 a - a +0 flail
 j - the +7 morningstar "Luleorr" (weapon) {venom, rC+ Int+4}
   (You found it on level 4 of the Dungeon)

   It poisons the flesh of those it strikes.
   Int:       It affects your intelligence (+4).
   rC:        It protects you from cold.
Missiles
 w - a throwing net (quivered)
Armour
 c - a +0 buckler (worn)
 l - a +1 pair of gloves (worn)
 A - a +2 pair of boots (worn)
 D - a +0 cloak (worn)
 G - a +0 troll leather armour (worn)
 H - the +0 hat of Freedom (worn) {Int+5}
   (Okawaru gifted it to you on level 11 of the Dungeon)

   Int:       It affects your intelligence (+5).
Jewellery
 d - an amulet of magic regeneration
 C - an amulet of reflection (around neck)
Wands
 b - a wand of acid (12)
 m - a wand of iceblast (11)
 u - a wand of charming (7)
 B - a wand of flame (25)
Scrolls
 e - 2 scrolls of fog
 f - 6 scrolls of identify
 i - 3 scrolls of amnesia
 k - 2 scrolls of fear
 n - 3 scrolls of enchant armour
 o - a scroll of magic mapping
 q - 4 scrolls of teleportation
 x - 2 scrolls of poison
 y - a scroll of brand weapon
Potions
 g - 3 potions of curing
 h - 2 potions of magic
 p - a potion of invisibility
 r - 2 potions of might
 s - 3 potions of haste
 t - 3 potions of brilliance
 v - a potion of flight
 z - a potion of attraction
 E - a potion of mutation
 F - 2 potions of heal wounds


   Skills:
 * Level 12.6(17.6) Fighting
 * Level 11.4(16.4) Maces & Flails
 + Level 9.2(14.2) Armour
 + Level 9.2(14.2) Shields
 + Level 5.3 Invocations


You had 11 spell levels left.
You didn't know any spells.
Your spell library contained the following spells:

 Spells                   Type           Power      Damage    Failure   Level
 Apportation              Tloc           0%         N/A       30%         1
 Foxfire                  Conj/Fire      0%         2x1d4     30%         1
 Freeze                   Ice            0%         1d3       30%         1
 Magic Dart               Conj           0%         1d3       30%         1
 Necrotize                Necr           0%         1d4       30%         1
 Conjure Flame            Conj/Fire      0%         6-21      65%         3
 Dazzling Flash           Conj/Hex       0%         N/A       65%         3
 Frozen Ramparts          Ice            0%         1d2       65%         3
 Inner Flame              Hex/Fire       0%         N/A       65%         3
 Mephitic Cloud           Conj/Pois/Air  0%         N/A       65%         3
 Portal Projectile        Hex/Tloc       0%         N/A       65%         3
 Flame Wave               Conj/Fire      0%         2d4       96%         4
 Hailstorm                Conj/Ice       0%         3d3       96%         4
 Passage of Golubria      Tloc           0%         N/A       96%         4
 Agony                    Necr           0%         N/A       100%        5
 Blade Hands              Tmut           0%         N/A       100%        5
 Silence                  Hex/Air        0%         N/A       100%        5
 Yara's Violent Unravell  Hex/Tmut       0%         3d3       100%        5
 Summon Small Mammal      Summ           Unusable   N/A       N/A         1
 Call Imp                 Summ           Unusable   N/A       N/A         2
 Tukima's Dance           Hex            Unusable   N/A       N/A         3

Dungeon Overview and Level Annotations

Branches:
Dungeon (12/15)            Temple (1/1) D:7            Lair (0/6) D:8
    Orc: D:9-12

Altars:
Ashenzari
Cheibriados
Dithmenos
Elyvilon
Fedhas
Gozag
Hepliaklqana
Kikubaaqudgha
Makhleb
Nemelex Xobeh
Okawaru
Qazlal
Ru
Sif Muna
Trog
Uskayaw
Vehumet
Wu Jian
Xom
Yredelemnul
Zin
The Shining One

Shops:
D:2 ?*(?(   D:6 *

Annotations:
D:4 Pikel
D:12 Rupert


Innate Abilities, Weirdness & Mutations

You are immune to sickness and miasma.
Your stone body is resilient. (AC +8)
You are immune to poison.
You resist negative energy. (rN+)
You are resistant to electric shocks. (rElec)
You are resistant to unholy torment.
You are immune to petrification.
You are partially covered in iridescent scales. (AC +2)
You are dopey. (Int -2)
You are robust. (+10% HP)
Your movements are slightly less encumbered by armour. (ER -2)


Message History

You hit the gargoyle.
The gargoyle is heavily damaged.
The gargoyle misses you.
You hit the gargoyle but do no damage.
The gargoyle is heavily damaged.
The gargoyle hurls a stone arrow at you.
The stone arrow hits you!
You puncture the gargoyle!
You destroy the gargoyle!
Okawaru accepts your kill.
No target in view!
No target in view!
HP restored.
You see here a +0 dire flail.
Rupert the Wild comes into view.
He is wielding a +0 vorpal great mace.
Rupert shouts!
Rupert roars madly and goes into a rage!
Rupert goes berserk!
Rupert hits you with a +0 vorpal great mace!!
You gain the combat prowess of a mighty hero.
You block Rupert's attack.
Rupert hits you with a +0 vorpal great mace!
You puncture Rupert!
Rupert is lightly wounded.
You block Rupert's attack.
You barely miss Rupert.
Rupert is lightly wounded.
You block Rupert's attack.
You puncture Rupert!
Rupert looks as sick as possible!
Rupert is lightly wounded.
You block Rupert's attack.
You hit Rupert.
Rupert looks as sick as possible!
Rupert is lightly wounded.
Rupert hits you with a +0 vorpal great mace!!
As you read the scroll of teleportation, it crumbles to dust.
You feel strangely unstable.
Rupert hits you with a +0 vorpal great mace!
* * * LOW HITPOINT WARNING * * *
x2 Rupert hits you with a +0 vorpal great mace!!
You die...

...##......#
...##.....## #.#
#.>.......# #.#
..###.....# #.#
### #.....# #.#
#####.## #.#
######..# ##.##
#.......####...#
...##.##......@.#
#.. #.##.##@.#
... ...#...#..#
..#............#
...##..##....#..#
.. ...# ##..##..#
##.. #......# ..
..##.### ... .


You could see Rupert (berserk, extremely poisoned).

Vanquished Creatures
  3 boulder beetles
  2 two-headed ogres
  The ghost of gearnest the Skirmisher, a novice DrMo of Trog (D:9)
  An ugly thing (D:11)
  2 cyclopes (D:11)
  2 gargoyles
  2 kobold demonologists (D:11)
  3 trolls
  Sigmund (D:2)
  A shadow (D:11)
  2 wraiths
  3 wyverns
  17 yaks
  A basilisk (D:8)
  A steam dragon (D:7)
  A vampire mosquito (D:9)
  Edmund (D:4)
  An acid dragon (D:9)
  2 water moccasins (D:8)
  A sky beast (D:7)
  An ice beast (D:6)
  3 black bears (D:8)
  2 wolves (D:8)
  2 ogres
  A lemure (D:4)
  8 centaurs
  20 kobold brigands
  2 bullfrogs
  A gnoll sergeant (D:9)
  A necrophage (D:6)
  3 scorpions
  7 wights
  3 killer bees (D:11)
  11 howler monkeys
  11 orc priests
  2 hounds
  2 jellies
  A gnoll shaman (D:7)
  4 iguanas
  14 orc wizards
  Terence (D:2)
  14 gnolls
  7 adders
  4 ufetubi
  3 worms
  4 dart slugs
  34 orcs
  3 bats
  5 endoplasms
  A giant cockroach (D:4)
  10 goblins
  8 hobgoblins
  2 quokkas
  8 ball pythons
  2 frilled lizards
  16 kobolds
  4 rats
273 creatures vanquished.

Vanquished Creatures (others)
  6 fungi (D:8)
  26 plants
32 creatures vanquished.

Grand Total: 305 creatures vanquished

Notes
Turn   | Place    | Note
-------+----------+-------------------------------------------
     0 | D:1      | vineage the Gargoyle Fighter began the quest for the Orb.
     0 | D:1      | Reached XP level 1. HP: 14/14 MP: 1/1
   230 | D:1      | Reached XP level 2. HP: 12/19 MP: 2/2
   709 | D:1      | Reached XP level 3. HP: 24/24 MP: 3/3
  1000 | D:2      | Found Jaik's General Store.
  1000 | D:2      | Found Pasudyty's Magic Scroll Shoppe.
  1003 | D:2      | Noticed Terence
  1022 | D:2      | Killed Terence
  1023 | D:2      | Reached skill level 4 in Fighting
  1204 | D:2      | Found Cojawk Luma's Weapon Boutique.
  1236 | D:2      | Reached XP level 4. HP: 29/29 MP: 4/4
  1369 | D:2      | Found Reoz's Magic Scroll Emporium.
  1407 | D:2      | Found Vyjojini's Weapon Boutique.
  1536 | D:2      | Gained mutation: You have hidden genetic potential. [potion
                  | of mutation]
  1536 | D:2      | Gained mutation: You are dopey. (Int -2) [potion of
                  | mutation]
  1536 | D:2      | Gained mutation: You are partially covered in iridescent
                  | scales. (AC +2) [potion of mutation]
  1557 | D:2      | Noticed Sigmund
  1600 | D:2      | HP: 1/29 [something (6)]
  2025 | D:2      | Killed Sigmund
  2026 | D:2      | Reached skill level 5 in Fighting
  2026 | D:2      | Reached XP level 5. HP: 29/35 MP: 5/5
  2026 | D:2      | Reached XP level 6. HP: 34/40 MP: 6/6
  2038 | D:2      | Gained mutation: You are robust. (+10% HP) [hidden
                  | potential]
  2190 | D:3      | Identified the +1 leather armour "Seamuh" {rPois}
  3022 | D:4      | Noticed Pikel
  3040 | D:4      | Found a bloodstained altar of Trog.
  3406 | D:4      | Identified the +7 morningstar "Luleorr" {venom, rC+ Int+4}
  3432 | D:4      | Found a burning altar of Makhleb.
  3438 | D:4      | Found a glowing silver altar of Zin.
  3438 | D:4      | Noticed an angel
  3438 | D:4      | Noticed a cacodemon
  3638 | D:4      | Found a large runed translucent door.
  3640 | D:4      | Found a large runed translucent door.
  3794 | D:4      | Found a stormy altar of Qazlal.
  3918 | D:4      | Noticed Edmund
  3927 | D:4      | Killed Edmund
  3928 | D:4      | Reached XP level 7. HP: 38/48 MP: 7/7
  3932 | D:4      | Gained mutation: Your movements are slightly less
                  | encumbered by armour. (ER -2) [hidden potential]
  3932 | D:4      | Lost mutation: You have hidden genetic potential. [hidden
                  | potential expressed]
  4081 | D:4      | Found a blossoming altar of Fedhas.
  4091 | D:4      | Found a sacrificial altar of Ru.
  4126 | D:5      | Entered Level 5 of the Dungeon
  4504 | D:5      | Reached skill level 6 in Fighting
  4504 | D:5      | Reached skill level 5 in Maces & Flails
  4850 | D:5      | Reached skill level 5 in Armour
  4852 | D:5      | Reached skill level 5 in Shields
  4852 | D:5      | Reached XP level 8. HP: 42/57 MP: 8/8
  5516 | D:6      | Reached skill level 7 in Fighting
  5647 | D:6      | Found Ficwes's Overcharged Wands.
  5985 | D:6      | Found a shimmering blue altar of Sif Muna.
  6186 | D:7      | Found a hazy altar of Hepliaklqana.
  6282 | D:7      | Reached XP level 9. HP: 60/64 MP: 9/9
  6334 | D:7      | Found a staircase to the Ecumenical Temple.
  6342 | Temple   | Entered the Ecumenical Temple
  6463 | Temple   | Became a worshipper of Warmaster Okawaru
  6930 | D:7      | Reached skill level 8 in Fighting
  7246 | D:8      | Found a shimmering altar of Xom.
  7570 | D:8      | Reached * piety under Okawaru
  7589 | D:8      | Reached skill level 9 in Fighting
  7593 | D:8      | Reached ** piety under Okawaru
  7659 | D:8      | Reached XP level 10. HP: 35/72 MP: 10/10
  7879 | D:8      | Found a staircase to the Lair.
  8102 | D:8      | Reached skill level 10 in Fighting
  8103 | D:8      | Reached *** piety under Okawaru
  8468 | D:8      | You fall into a shaft and drop 1 floor!
  8518 | D:9      | Reached skill level 1 in Invocations
  8656 | D:9      | Reached **** piety under Okawaru
  9083 | D:9      | Reached XP level 11. HP: 54/80 MP: 12/12
  9126 | D:9      | Reached skill level 11 in Fighting
  9305 | D:9      | Found a broken altar of Ashenzari.
  9435 | D:9      | Identified a scroll of acquirement
  9435 | D:9      | Acquired 1103 gold pieces
  9684 | D:9      | Found a runed translucent door.
  9684 | D:9      | Noticed gearnest's ghost (novice DrMo)
  9806 | D:9      | Killed gearnest's ghost
  9807 | D:9      | Reached skill level 10 in Maces & Flails
  9863 | D:10     | Entered Level 10 of the Dungeon
  9878 | D:10     | Reached ***** piety under Okawaru
  9886 | D:10     | Noticed a two-headed ogre
  9893 | D:10     | Killed a two-headed ogre
 10374 | D:10     | Noticed a boulder beetle
 10384 | D:10     | Killed a boulder beetle
 10697 | D:11     | Noticed a cyclops
 10702 | D:11     | Noticed a two-headed ogre
 10716 | D:11     | Killed a two-headed ogre
 10717 | D:11     | Reached skill level 12 in Fighting
 10719 | D:11     | Killed a cyclops
 10768 | D:11     | Noticed a boulder beetle
 10780 | D:11     | Killed a boulder beetle
 10781 | D:11     | Reached XP level 12. HP: 52/89 MP: 13/15
 10835 | D:11     | Noticed a boulder beetle
 10847 | D:11     | Identified the +0 hat of Freedom {Int+5} (Okawaru gifted it
                  | to you on level 11 of the Dungeon)
 10847 | D:11     | Received a gift from Okawaru
 10876 | D:11     | Killed a boulder beetle
 10877 | D:11     | Reached skill level 5 in Invocations
 11320 | D:12     | Noticed Rupert
 11328 | D:12     | Slain by Rupert

Illustrated notes

Levels and vault maps discovered:
D:1:      ebering_trefoil_3fold, layout_basic, serial_corexii_hall,
          chequers_hall_statues_wall_a, corexii_hall_statues_deadend,
          serial_bayou_pond_e
D:2:      layout_rooms, serial_shops, shop, nicolae_lakefront_shop, shop_statue,
          shop_coins, shop, uniq_sigmund, uniq_terence
D:3:      layout_basic, hangedman_decor_opposing, minmay_misc_feat_hallway,
          chequers_jeans
D:4:      layout_loops_ring, nicolae_qazlal_eye_of_the_storm, bloody_trog,
          jmf_multi_god_temple2, grunt_temple_overflow_order_and_chaos_2,
          uniq_pikel, uniq_edmund
D:5:      layout_layer_cave, skrybe_limestone_x
D:6:      layout_cave_pools, led_sif_pool, nicolae_shop_overcharged_wands
D:7:      layout_basic, overflow_temple_1_default, temple_green
D:8:      layout_loops_cross, lemuel_round_altar, minmay_lair_entry_grove
D:9:      hellmonk_crumbling_castle, layout_basic, mainiacjoe_overflow_brackets,
          ebering_ghost_inner_flame
D:10:     layout_loops_ring
D:11:     layout_roguey [special_room_kobold], serial_bayou_pond_b
D:12:     layout_loops_cross, orc_0_dummy, minivault_10,
          hangedman_decor_clover_reticule, uniq_rupert
Temple:   hc_temple_tempest_star

Skill      XL: |  1  2  3  4  5  6  7  8  9 10 11 12 |
---------------+-------------------------------------+-----
Fighting       | 4 5 6 7 9 10 12 | 12.6
Maces & Flails | 3 4 5 6 8 9 10 11 | 11.4
Armour         | 4 5 6 7 8 9 |  9.2
Shields        | 4 5 6 7 8 9 |  9.2
Invocations    | 2 4 5 |  5.3

Action                   |  1- 3 |  4- 6 |  7- 9 | 10-12 || total
-------------------------+-------+-------+-------+-------++-------
Melee: Flail             |    70 |   117 |       |       ||   187
       Morningstar       |       |    32 |   202 |   411 ||   645
Invok: Heroism           |       |       |       |     7 ||     7
       Finesse           |       |       |       |     1 ||     1
  Use: Scroll            |     4 |    13 |     8 |     4 ||    29
       Potion            |     2 |     3 |       |       ||     5
 Stab: Sleeping          |       |       |     1 |       ||     1
Armor: Scale mail        |    34 |    66 |    52 |       ||   152
       Steam dragon scal |       |       |    57 |   113 ||   170
       Troll leather arm |       |       |       |    68 ||    68
Dodge: Dodged            |    41 |    59 |    97 |   197 ||   394
Block: Buckler           |    17 |    28 |    42 |   169 ||   256
       Reflection        |       |       |       |     6 ||     6

Table legend: (Time is in decaauts)
 A = Elapsed time spent in this place.
 B = Non-inter-level travel time spent in this place.
 C = Inter-level travel time spent in this place.
 D = Time resting spent in this place.
 E = Time spent auto-exploring this place.
 F = Levels seen in this place.
 G = Mean time per level.
                   A        B        C        D        E       F      G
               +--------+--------+--------+--------+--------+-----+--------+
         Total |  11417 |  11019 |    398 |   1426 |   7762 |  13 |  878.2 |
       Dungeon |  11279 |  10923 |    356 |   1426 |   7680 |  12 |  939.9 |
        Temple |    137 |     95 |     42 |      0 |     82 |   1 |  137.0 |
               +--------+--------+--------+--------+--------+-----+--------+

Top non-repeatable levels by time:
     D:1: 1419 daAuts
     D:9: 1389 daAuts
     D:5: 1377 daAuts
     D:4: 1275 daAuts
     D:8: 1163 daAuts
     D:7: 1126 daAuts
    D:11: 781 daAuts
     D:3: 755 daAuts
     D:2: 740 daAuts
    D:10: 600 daAuts
     D:6: 583 daAuts
  Temple: 137 daAuts
    D:12: 67 daAuts
